 Dungeon Crawl Stone Soup version 0.31-a0-876-gfe8ebadbca (webtiles) character file.

Game seed: 16957471751583195856

23421 sircluck the Brawler (level 12, -10/115 HPs)
             Began as a Troll Berserker on Oct 13, 2023.
             Was a High Priest of Trog.
             Mangled by a large slime creature (28 damage)
             ... on level 13 of the Dungeon.
             The game lasted 00:19:14 (10965 turns).

sircluck the Brawler (Troll Berserker)             Turns: 10965, Time: 00:19:14

Health: -10/115    AC: 13    Str: 32    XL:     12   Next: 71%
Magic:  11/11      EV: 10    Int:  3    God:    Trog [*****.]
Gold:   1072       SH:  6    Dex:  9    Spells: 11/11 levels left

rFire   x .          .
                       - Unarmed
rCold   + . .        W - +0 kite shield
rNeg    . . .        O - +0 acid dragon scales
rPois   .            (helmet restricted)
rElec   .            L - +2 cloak {Will+}
rCorr   +            (gloves unavailable)
SInv    +            (boots unavailable)
Will    +....        h - amulet of faith
Stlth   +            n - ring of ice
HPRegen 1.19/turn    o - ring of see invisible
MPRegen 0.12/turn

%: faith
@: no status effects
A: large, unfitting armour, claws 3, regeneration 1, shaggy fur 1, tough skin 1
a: Renounce Religion, Berserk, Trog's Hand, Brothers in Arms


You were on level 13 of the Dungeon.
You worshipped Trog.
Trog was extremely pleased with you.
You visited 1 branch of the dungeon, and saw 14 of its levels.

You collected 1072 gold pieces.

Inventory:

Missiles
 v - 77 stones
 x - 16 boomerangs
 y - 2 atropa-tipped darts
 A - 2 throwing nets
 B - 7 poisoned darts
 H - 4 silver javelins
 N - 20 large rocks
Armour
 a - a +0 animal skin
 f - a +0 troll leather armour
 p - a +0 cloak
 I - a +1 robe of cold resistance
 L - a +2 cloak of willpower (worn)
 O - +0 acid dragon scales (worn)
 W - a +0 kite shield (worn)
Jewellery
 h - an amulet of faith (around neck)
 n - a ring of ice (left claw)
 o - a ring of see invisible (right claw)
 z - a ring of ice
 K - an amulet of the acrobat
 P - a ring of fire
Wands
 t - a wand of roots (16)
 u - a wand of flame (26)
 M - a wand of charming (4)
 Q - a wand of quicksilver (7)
 T - a wand of polymorph (1)
Scrolls
 b - a scroll of blinking
 c - 6 scrolls of teleportation
 d - 2 scrolls of fear
 g - 5 scrolls of noise
 j - 3 scrolls of amnesia
 l - 3 scrolls of vulnerability
 C - 2 scrolls of immolation
 F - 4 scrolls of fog {unknown}
 G - a scroll of brand weapon {unknown}
 R - a scroll of silence {unknown}
 S - 2 scrolls of identify
 V - a scroll of enchant armour {unknown}
Potions
 e - a potion of ambrosia
 i - a potion of resistance {unknown}
 k - a potion of heal wounds {unknown}
 m - 2 potions of might
 q - 3 potions of curing {unknown}
 r - a potion of magic {unknown}
 s - 4 potions of enlightenment
 w - 2 potions of lignification {unknown}
 D - 2 potions of mutation {unknown}
 E - 9 potions of degeneration
 J - a potion of brilliance {unknown}
Miscellaneous
 U - a condenser vane


   Skills:
 + Level 6.4 Fighting
 + Level 3.7 Throwing
 + Level 6.6 Armour
 + Level 8.4 Dodging
 - Level 1.2 Stealth
 + Level 15.6 Unarmed Combat


You had 11 spell levels left.
You didn't know any spells.
Your spell library was empty.

Dungeon Overview and Level Annotations

Branches:
Dungeon (14/15)            Temple (0/1) D:6            Lair (0/5) D:10
    Orc (0/2) D:11
 Vaults: D:13-14

Altars:
Ashenzari
Fedhas
Nemelex Xobeh
Trog
Zin

Shops:
D:9 =(


Innate Abilities, Weirdness & Mutations

You are too large for most types of armour.
You have claws for hands.
Your natural rate of healing is unusually fast.
You are covered in fur. (AC +1)
You have tough skin. (AC +1)


Message History

A slime creature comes into view. 3 slime creatures come into view.
The slime creature quivers. x3
Two slime creatures merge to form a large slime creature.
The slime creature hits you!
You claw the slime creature!
The slime creature is lightly wounded.
The slime creature barely misses you.
Two slime creatures merge to form a large slime creature.
You mangle the large slime creature!!
The large slime creature is moderately wounded.
You scratch the large slime creature.
The large slime creature is moderately wounded.
You mangle the large slime creature!!
The large slime creature is heavily wounded.
You mangle the large slime creature!!
The large slime creature is severely wounded.
Two slime creatures merge to form an enormous slime creature.
You scratch the enormous slime creature.
The enormous slime creature is heavily wounded.
An enormous slime creature is nearby!
You claw the enormous slime creature!
The enormous slime creature is heavily wounded.
You mangle the enormous slime creature!!
The enormous slime creature is severely wounded.
The enormous slime creature hits you!!
You claw the enormous slime creature!
The enormous slime creature is severely wounded.
An enormous slime creature splits.
You mangle the large slime creature!!
The large slime creature is almost dead.
The large slime creature hits you but does no damage.
You scratch the large slime creature.
The large slime creature is severely wounded.
The large slime creature hits you!! x2
* * * LOW HITPOINT WARNING * * *
You mangle the large slime creature!!
The large slime creature is almost dead.
The large slime creature hits you!!
You die...

#......# ###. #.###### .# ##
#.###### .# #......# .# ..#
#......# .# ..# #......# .# ..#
#..##..# .# ..#
...##..##########J# ..#
...##...........@J######..#####
...##..........................
...##..........#####...<.....#
...##..........# #.........#
...##...######.# #.#######.#
...##...# #.# # ...##...# #..
...##...######...
...##.........


You could see 2 large slime creatures.

Vanquished Creatures
  The ghost of xbox the Fighter, a journeyman DsCj of Vehumet (D:11)
  Erolcha (D:9)
  A two-headed ogre (D:12)
  3 death yaks (D:10)
  A boulder beetle (D:11)
  3 skeletal warriors (D:13)
  A manticore (D:13)
  4 cyclopes
  Maurice (D:8)
  6 gargoyles
  3 unseen horrors (D:11)
  A komodo dragon (D:11)
  A tengu conjurer (D:13)
  A troll (D:11)
  3 meliai (D:13)
  2 hornets (D:9)
  10 slime creatures (D:13)
  2 wraiths (D:12)
  13 yaks
  2 shadows
  11 vampire mosquitoes
  3 acid dragons
  2 water moccasins
  4 orc warriors
  A swamp drake (D:11)
  2 sky beasts
  3 black bears
  5 ogres
  8 centaurs
  3 phantoms
  A kobold brigand (D:5)
  5 bullfrogs
  3 scorpions
  4 gnoll sergeants
  10 wights (D:7)
  4 howler monkeys
  4 electric eels
  4 hounds
  2 jellies
  5 orc priests
  3 sleepcaps
  A gnoll bouda (D:9)
  2 iguanas
  9 orc wizards
  24 gnolls
  10 adders
  4 river rats (D:10)
  2 shadow imps (D:7)
  An ufetubus (D:6)
  2 worms (D:3)
  3 dart slugs
  30 orcs
  8 endoplasms
  2 giant cockroaches
  4 goblins
  6 hobgoblins
  6 quokkas
  6 ball pythons
  3 bats
  A frilled lizard (D:1)
  9 kobolds
  11 rats
291 creatures vanquished.

Vanquished Creatures (collateral kills)
  A gnoll sergeant (D:11)
  5 gnolls (D:11)
6 creatures vanquished.

Vanquished Creatures (others)
  A kobold (D:5)
1 creature vanquished.

Grand Total: 298 creatures vanquished

Notes
Turn   | Place    | Note
-------+----------+-------------------------------------------
     0 | D:1      | sircluck the Troll Berserker began the quest for the Orb.
     0 | D:1      | Reached XP level 1. HP: 22/22 MP: 0/0
   193 | D:1      | Reached XP level 2. HP: 29/29 MP: 1/1
   754 | D:2      | Reached XP level 3. HP: 19/36 MP: 2/2
   931 | D:2      | Reached ** piety under Trog
  1116 | D:2      | Reached XP level 4. HP: 44/45 MP: 3/3
  1182 | D:2      | Found a faded altar of an unknown god.
  1931 | D:4      | Reached skill level 4 in Unarmed Combat
  1931 | D:4      | Reached XP level 5. HP: 48/53 MP: 4/4
  1984 | D:4      | Noticed an ogre
  1994 | D:4      | Killed an ogre
  2074 | D:4      | Reached XP level 6. HP: 43/62 MP: 5/5
  2322 | D:4      | Reached skill level 5 in Unarmed Combat
  2354 | D:4      | Reached *** piety under Trog
  2534 | D:4      | You fall into a shaft and drop 1 floor!
  2534 | D:5      | Entered Level 5 of the Dungeon
  2560 | D:5      | Noticed a water moccasin
  2571 | D:5      | Killed a water moccasin
  2572 | D:5      | Reached XP level 7. HP: 46/68 MP: 6/6
  2645 | D:5      | Reached skill level 6 in Unarmed Combat
  2759 | D:5      | Reached skill level 1 in Throwing
  2761 | D:5      | Found a bloodstained altar of Trog.
  3281 | D:5      | Reached XP level 8. HP: 78/78 MP: 7/7
  3299 | D:5      | Reached skill level 7 in Unarmed Combat
  3310 | D:5      | Reached skill level 5 in Dodging
  3378 | D:6      | Found a staircase to the Ecumenical Temple.
  3589 | D:6      | Reached **** piety under Trog
  3590 | D:6      | Reached skill level 8 in Unarmed Combat
  4111 | D:7      | Reached XP level 9. HP: 79/85 MP: 8/8
  4192 | D:7      | Found a broken altar of Ashenzari.
  4253 | D:7      | Reached skill level 9 in Unarmed Combat
  5131 | D:8      | Reached skill level 10 in Unarmed Combat
  5397 | D:8      | Reached skill level 1 in Stealth
  5471 | D:8      | Noticed Maurice
  5490 | D:8      | Maurice stole 11 boomerangs
  5502 | D:8      | Maurice stole an amulet of the acrobat
  5504 | D:8      | Killed Maurice
  5504 | D:8      | Reached ***** piety under Trog
  5544 | D:8      | Noticed a gargoyle
  5554 | D:8      | Killed a gargoyle
  5555 | D:8      | Reached XP level 10. HP: 71/94 MP: 9/9
  5651 | D:8      | Noticed a gargoyle
  5658 | D:8      | Killed a gargoyle
  5659 | D:8      | Reached skill level 5 in Fighting
  5659 | D:8      | Reached skill level 11 in Unarmed Combat
  5797 | D:8      | Noticed a gargoyle
  5801 | D:8      | Killed a gargoyle
  5802 | D:8      | Reached skill level 1 in Armour
  5815 | D:8      | Noticed a gargoyle
  5829 | D:8      | Killed a gargoyle
  5960 | D:9      | Noticed Erolcha
  5979 | D:9      | Killed Erolcha
  6061 | D:9      | Paralysed by a hornet for 2 turns
  6113 | D:9      | Found a transporter.
  6113 | D:9      | Found a transporter.
  6183 | D:9      | Found Cisadwa Dide's Weapon Boutique.
  6391 | D:9      | Found Rafi's Jewellery Shop.
  6502 | D:9      | Reached skill level 12 in Unarmed Combat
  6502 | D:9      | Identified the +6 broad axe "Fiuvit" {freeze, rN+ Str+4
                  | Int+3}
  6777 | D:9      | Found a sparkling altar of Nemelex Xobeh.
  6777 | D:9      | Found a glowing silver altar of Zin.
  6781 | D:9      | Received a gift from Trog
  6980 | D:9      | HP: 3/96 [electric eel/bolt of electricity (10)]
  7158 | D:10     | Entered Level 10 of the Dungeon
  7194 | D:10     | Noticed a death yak
  7214 | D:10     | Killed a death yak
  7243 | D:10     | Found a staircase to the Lair.
  7245 | D:10     | Noticed a death yak
  7250 | D:10     | Noticed a death yak
  7260 | D:10     | Killed a death yak
  7261 | D:10     | Reached XP level 11. HP: 42/104 MP: 10/10
  7262 | D:10     | HP: 4/104 [quokka (4)]
  7360 | D:10     | Killed a death yak
  7596 | D:10     | Found a blossoming altar of Fedhas.
  7634 | D:10     | Reached skill level 13 in Unarmed Combat
  8146 | D:11     | Noticed a boulder beetle
  8278 | D:11     | Killed a boulder beetle
  8463 | D:11     | Reached skill level 5 in Armour
  8746 | D:11     | Found a runed translucent gate.
  8751 | D:11     | Found a runed translucent gate.
  8751 | D:11     | Found a runed translucent gate.
  8752 | D:11     | Noticed xbox's ghost (journeyman DsCj)
  8830 | D:11     | Reached skill level 14 in Unarmed Combat
  9053 | D:11     | Found a staircase to the Orcish Mines.
  9226 | D:11     | Killed xbox's ghost
  9227 | D:11     | Reached XP level 12. HP: 114/114 MP: 11/11
  9682 | D:12     | Noticed a two-headed ogre
  9690 | D:12     | Killed a two-headed ogre
 10255 | D:13     | Reached skill level 15 in Unarmed Combat
 10447 | D:14     | Noticed a centaur warrior
 10965 | D:13     | Mangled by a large slime creature

Illustrated notes

Levels and vault maps discovered:
D:1:      dpeg_arrival_arbitrary_c, layout_loops_ring, minmay_crystal_water
D:2:      layout_basic, dilly_ecumenical_altar_fadedgnrine
D:3:      layout_loops_ring
D:4:      layout_rooms, grunt_ministairs_6, cheibrodos_gnoll_hut
D:5:      layout_basic, trog_three_pillars_becter
D:6:      layout_rooms, minmay_temple_entry_statues_pillars
D:7:      layout_loops_corners, nicolae_ashenzari_panopticon,
          grunt_decor_resistance, nrook_pool_corridor
D:8:      cheibrodos_statue_roulette, layout_loops_ring, hex_medium,
          uniq_maurice
D:9:      gammafunk_steamed_eel, layout_basic, jmf_multi_god_temple,
          serial_shops, kennysheep_mini, nicolae_shop_getting_attention,
          uniq_erolcha
D:10:     layout_rooms, mainiacjoe_overflow_24_doors, dpeg_lair_monsters
D:11:     kennysheep_blocky_hall, layout_irregular_city, erik_orc_1,
          ebering_ghost_rock_garden
D:12:     layout_stronghold
D:13:     layout_small_grid
D:14:     layout_long_grid, lightli_vaults_fourway_checkpoint,
          minmay_misc_feat_alley, uniq_azrael

Skill      XL: |  1  2  3  4  5  6  7  8  9 10 11 12 |
---------------+-------------------------------------+-----
Fighting       | 3 4 5 6 |  6.4
Dodging        | 3 4 5 6 7 8 |  8.4
Unarmed Combat | 4 5 6 8 10 12 14 15 | 15.6
Throwing       | 2 3 |  3.7
Stealth        | 1 |  1.2
Armour         | 3 5 6 |  6.6

Action                     |  1- 3 |  4- 6 |  7- 9 | 10-12 || total
---------------------------+-------+-------+-------+-------++-------
  Melee: Unarmed           |    73 |   122 |   233 |   480 ||   908
         Punch             |     2 |     3 |     9 |    27 ||    41
  Throw: Large rock        |       |     8 |    23 |     1 ||    32
 Invoke: Berserk           |       |       |       |     2 ||     2
         Brothers in Arms  |       |       |       |     1 ||     1
    Use: Scroll            |       |       |       |    11 ||    11
   Stab: Sleeping          |       |       |     1 |       ||     1
 Armour: Animal skin       |    38 |    91 |   171 |       ||   300
         Robe              |       |       |    15 |    86 ||   101
         Acid dragon scale |       |       |       |   327 ||   327
  Dodge: Dodged            |    32 |    57 |   128 |   276 ||   493

Table legend: (Time is in decaauts)
 A = Elapsed time spent in this place.
 B = Non-inter-level travel time spent in this place.
 C = Inter-level travel time spent in this place.
 D = Time resting spent in this place.
 E = Time spent auto-exploring this place.
 F = Levels seen in this place.
 G = Mean time per level.
                   A        B        C        D        E       F      G
               +--------+--------+--------+--------+--------+-----+--------+
         Total |  10868 |  10363 |    505 |    744 |   7224 |  14 |  776.3 |
       Dungeon |  10868 |  10363 |    505 |    744 |   7224 |  14 |  776.3 |
               +--------+--------+--------+--------+--------+-----+--------+

Top non-repeatable levels by time:
    D:11: 1368 daAuts
     D:9: 1332 daAuts
     D:7: 1071 daAuts
    D:12: 912 daAuts
     D:5: 835 daAuts
     D:8: 748 daAuts
    D:13: 702 daAuts
     D:6: 682 daAuts
     D:1: 658 daAuts
    D:10: 657 daAuts
     D:2: 648 daAuts
     D:4: 615 daAuts
     D:3: 604 daAuts
    D:14: 31 daAuts
